 Dungeon Crawl Stone Soup version 0.30-a0-738-g116ff8c4af (webtiles) character file.

Game seed: 4568933597574302360

9677 KleinerIrrer the Fighter (level 11, -2/81 (97) HPs)
             Began as a Formicid Hunter on Feb 3, 2023.
             Slain by a skeletal warrior
             ... wielding a +0 dire flail
              (27 damage)
             ... on level 10 of the Dungeon.
             The game lasted 00:25:35 (13448 turns).

KleinerIrrer the Fighter (Formicid Hunter)         Turns: 13448, Time: 00:25:35

HP:   -2/81 (97)    AC:  7    Str: 16    XL:     11   Next: 78%
MP:   0/11          EV: 13    Int:  9    God:
Gold: 471           SH:  0    Dex: 27    Spells: 10/10 levels left

rFire   + + .      SeeInvis +    B - +7 staff of the Meek {protect, meekguard}
rCold   . . .      Faith    .    (no shield)
rNeg    . . .      Spirit   +    a - +0 scale mail {rF+}
rPois   .          Reflect  .    (helmet unavailable)
rElec   .          Harm     .    (no cloak)
rCorr   .          Rampage  .    (no gloves)
Will    +....                    (no boots)
Stlth   +                        i - amulet of guardian spirit
HPRegen 0.33/turn                q - +6 ring of dexterity
MPRegen 0.12/turn                r - ring of protection from fire

@: heavily drained
A: permanent stasis, dig shafts and tunnels, antennae 3, four strong arms
a: Dig, Shaft Self


You were on level 10 of the Dungeon.
You visited 3 branches of the dungeon, and saw 13 of its levels.
You also visited: Sewer and Ossuary.

You collected 814 gold pieces.
You spent 343 gold pieces at shops.

Inventory:

Hand Weapons
 h - the +8 short sword of Yeast {drain, rPois rC+}
   (You found it on level 9 of the Dungeon)

   rC:        It protects you from cold.
   rPois:     It protects you from poison.
 B - the +7 staff of the Meek (weapon) {protect, meekguard}
   (You found it on level 5 of the Dungeon)
 L - a +2 shortbow of flaming
Missiles
 I - 2 throwing nets
Armour
 a - a +0 scale mail of fire resistance (worn)
Jewellery
 f - a ring of willpower
 i - an amulet of guardian spirit (around neck)
 n - a ring of poison resistance
 p - a ring of resist corrosion
 q - a +6 ring of dexterity (left hand)
 r - a ring of protection from fire (right hand)
 G - an amulet of magic regeneration
 H - the ring of Beocw {rPois rF+ Str+3 Slay+3}
   (You took it off an orc on level 10 of the Dungeon)

   [ring of protection from fire]

   Str:       It affects your strength (+3).
   Slay:      It affects your accuracy & damage with ranged weapons and melee
   (+3).
   rF:        It protects you from fire.
   rPois:     It protects you from poison.
Wands
 m - a wand of acid (18)
 v - a wand of paralysis (4)
 Q - a wand of digging (7)
Scrolls
 b - 7 scrolls of immolation
 g - 2 scrolls of enchant armour
 j - a scroll of amnesia {unknown}
 k - 4 scrolls of enchant weapon
 o - 3 scrolls of noise
 t - 2 scrolls of summoning
 u - 2 scrolls of poison
 w - 4 scrolls of identify
 y - 2 scrolls of blinking {unknown}
 E - a scroll of vulnerability {unknown}
 M - 2 scrolls of magic mapping
 O - a scroll of fear {unknown}
 P - 2 scrolls of fog {unknown}
Potions
 d - 2 potions of magic
 e - a potion of resistance
 l - 3 potions of might
 s - a potion of ambrosia {unknown}
 x - 3 potions of cancellation
 z - a potion of brilliance
 A - 5 potions of curing
 C - 2 potions of lignification
 D - a potion of attraction {unknown}
 F - 2 potions of mutation {unknown}
 K - 3 potions of flight


   Skills:
 + Level 12.9 Fighting
 + Level 12.3 Ranged Weapons
 * Level 4.8 Armour
 + Level 4.5 Dodging
 - Level 1.2 Stealth


You had 10 spell levels left.
You didn't know any spells.
Your spell library contained the following spells:

 Spells                   Type           Power      Damage    Failure   Level
 Beastly Appendage        Tmut           0%         N/A       80%         1
 Slow                     Hex            0%         N/A       80%         1
 Ensorcelled Hibernation  Hex/Ice        0%         N/A       90%         2
 Wereblood                Tmut           0%         N/A       90%         2
 Confusing Touch          Hex            0%         N/A       99%         3
 Kindle Blastsparks       Fire/Tloc/Air  0%         2d10      99%         3
 Spider Form              Tmut/Pois      0%         N/A       99%         3
 Vampiric Draining        Necr           0%         2d6       99%         3
 Anguish                  Hex/Necr       0%         N/A       100%        4
 Fulminant Prism          Conj/Hex       0%         3d5       100%        4
 Iskenderun's Mystic Bla  Conj/Tloc      0%         2d3       100%        4
 Lee's Rapid Deconstruct  Erth           0%         3d4*      100%        5


Dungeon Overview and Level Annotations

Branches:
Dungeon (11/15)            Temple (1/1) D:6            Lair (1/5) D:10
  Sewer (visited)         Ossuary (visited)
    Orc: D:9-12

Altars:
Ashenzari
Cheibriados
Dithmenos
Elyvilon
Fedhas
Gozag
Hepliaklqana
Kikubaaqudgha
Makhleb
Nemelex Xobeh
Qazlal
Ru
Sif Muna
Trog
Uskayaw
Vehumet
Wu Jian
Xom
Yredelemnul
Zin
The Shining One

Shops:
D:2 (   D:5 [   D:8 *   D:9 =

Annotations:
D:4 Grinder
D:5 1 runed translucent door, Crazy Yiuf
D:10 1 runed translucent door, BjarkeEik's ghost, novice HOFi


Innate Abilities, Weirdness & Mutations

You cannot be hasted, slowed, berserked, paralysed or teleported.
You can dig through walls and to a lower floor.
You have a pair of large antennae on your head. (SInv)
Your four strong arms can wield two-handed weapons with a shield.


Message History

Unknown command.
Unknown command.
(D) Dungeon (T) Temple (L) Lair
Where to? (Enter - Lair:1, ? - help)
What level of the Dungeon? (default 1, ? - help)
There is a stone staircase leading down here.
You climb downwards.
Found 7 stones.
Found two stone staircases leading up and a stone staircase leading down.
There is a stone staircase leading up here.
There are monsters nearby!
The skeletal warrior closely misses you.
You climb upwards.
Level annotation: 1 runed translucent door, BjarkeEik's ghost, novice HOFi
There is a stone staircase leading down here.
There is a stone staircase leading down here.
You climb downwards.
There is a stone staircase leading up here.
Unknown command.
The komodo dragon bites you.
The skeletal warrior hits you with a +0 dire flail!!
The skeletal warrior barely misses you.
The skeletal warrior hits you with a +0 scimitar!
You climb upwards.
Level annotation: 1 runed translucent door, BjarkeEik's ghost, novice HOFi
There is a stone staircase leading down here.
The skeletal warrior attacks as you move away!
The skeletal warrior barely misses you.
The skeletal warrior attacks as you move away!
The skeletal warrior misses you. The komodo dragon bites you!
The komodo dragon attacks as you move away!
The komodo dragon closely misses you.
The komodo dragon attacks as you move away!
The komodo dragon bites you but does no damage.
There is a stone staircase leading up, spattered with blood here.
The skeletal warrior attacks as you move away!
The skeletal warrior hits you with a +0 scimitar!!
The skeletal warrior attacks as you move away!
The skeletal warrior hits you with a +0 dire flail!!
You die...

PP## ##..## .P.##
##..## ..[.# ##..#
....### ###.########
..#...###..........##
.##...##............##
###..................#
......#..............#
##....#.........@z...#
#....#.........lz...#
#....#.......>......#
#....##...........>##
########..........##
############


You could see 2 skeletal warriors and a komodo dragon.

Vanquished Creatures
  A two-headed ogre (D:9)
  Pikel (D:5)
  A cane toad (Lair:1)
  Joseph (Lair:1)
  3 komodo dragons (D:10)
  A kobold demonologist (D:9)
  A troll (D:10)
  2 hornets
  3 blink frogs
  2 wraiths (D:10)
  5 yaks
  3 wyverns
  Eustachio (D:5)
  A steam dragon (D:6)
  An acid dragon (D:10)
  Duvessa (D:5)
  3 water moccasins
  A black bear (D:7)
  3 orc warriors
  3 ice beasts
  4 wolves (Lair:1)
  A centaur (D:5)
  3 lemures (D:5)
  3 kobold brigands
  An elf zombie (D:5)
  An elf skeleton (D:5)
  8 bullfrogs
  A scorpion (D:5)
  Dowan (D:5)
  4 wights (D:9)
  4 killer bees (D:8)
  6 orc priests
  A hound (D:5)
  A jelly (D:7)
  2 gnoll boudas
  2 human skeletons (D:5)
  A human zombie (D:5)
  4 iguanas
  10 orc wizards
  13 mummies (Ossuary)
  7 gnolls
  11 adders
  3 river rats (D:3)
  A shadow imp (D:8)
  A white imp (D:6)
  An ufetubus (D:6)
  7 worms
  35 orcs
  3 endoplasms
  2 giant cockroaches
  7 goblins
  8 hobgoblins
  8 jackals
  10 kobolds
  4 quokkas
  8 ball pythons
  5 bats
  A gnoll skeleton (Ossuary)
  4 kobold skeletons (Ossuary)
  4 orc skeletons
  3 rats (D:3)
  11 rat skeletons (Ossuary)
253 creatures vanquished.

Vanquished Creatures (others)
  A fungus (Lair:1)
  13 plants
14 creatures vanquished.

Grand Total: 267 creatures vanquished

Notes
Turn   | Place    | Note
-------+----------+-------------------------------------------
     0 | D:1      | KleinerIrrer the Formicid Hunter began the quest for the
                  | Orb.
     0 | D:1      | Reached XP level 1. HP: 16/16 MP: 1/1
   118 | D:1      | Reached XP level 2. HP: 23/23 MP: 2/2
   458 | D:1      | Reached XP level 3. HP: 28/28 MP: 3/3
   979 | D:2      | Found Leobism's Antique Weapon Shop.
  1196 | D:2      | Reached skill level 5 in Ranged Weapons
  1196 | D:2      | Reached XP level 4. HP: 33/35 MP: 4/4
  1210 | D:2      | Found a faded altar of an unknown god.
  1808 | D:3      | Reached XP level 5. HP: 41/41 MP: 5/5
  1867 | D:3      | Found a glowing drain.
  1881 | Sewer    | Entered a sewer
  1934 | Sewer    | Noticed a water moccasin
  1938 | Sewer    | Killed a water moccasin
  1939 | Sewer    | Reached XP level 6. HP: 48/48 MP: 6/6
  2451 | D:3      | Found a burning altar of Makhleb.
  2456 | D:3      | Noticed a balrug
  2458 | D:3      | Found a glowing silver altar of Zin.
  2459 | D:3      | Noticed an angel
  2603 | D:4      | Noticed Grinder
  2654 | D:4      | You fall into a shaft and drop 1 floor!
  2654 | D:5      | Entered Level 5 of the Dungeon
  2851 | D:5      | Reached XP level 7. HP: 55/55 MP: 7/7
  2857 | D:5      | Found a bloodstained altar of Trog.
  2968 | D:5      | Reached skill level 5 in Fighting
  2975 | D:5      | Found a sand-covered staircase.
  2984 | Ossuary  | Entered an ossuary
  3635 | Ossuary  | Reached XP level 8. HP: 63/63 MP: 8/8
  4028 | D:5      | Found the +7 staff of the Meek {protect, meekguard}
  4099 | D:5      | Noticed Eustachio
  4128 | D:5      | Killed Eustachio
  4154 | D:5      | Noticed Duvessa
  4157 | D:5      | Noticed Dowan
  4184 | D:5      | Killed Duvessa
  4187 | D:5      | Killed Dowan
  4290 | D:5      | Noticed Pikel
  4304 | D:5      | Killed Pikel
  4305 | D:5      | Reached skill level 10 in Ranged Weapons
  4305 | D:5      | Reached XP level 9. HP: 26/72 MP: 5/9
  4853 | D:5      | Found Lacer's Antique Armour Shop.
  5009 | D:5      | Found a runed translucent door.
  5010 | D:5      | Noticed Crazy Yiuf
  5684 | D:6      | Found a sparkling altar of Nemelex Xobeh.
  6116 | D:6      | Found a staircase to the Ecumenical Temple.
  6158 | Temple   | Entered the Ecumenical Temple
  6776 | D:7      | Reached skill level 10 in Fighting
  6776 | D:7      | Reached XP level 10. HP: 62/85 MP: 7/10
  7948 | D:8      | Found Tolagug's General Store.
  7994 | D:8      | Bought a potion of curing for 39 gold pieces
  7994 | D:8      | Bought 2 potions of flight for 78 gold pieces
  7994 | D:8      | Bought a +2 shortbow of flaming for 226 gold pieces
  8646 | D:8      | Found a basalt altar of Yredelemnul.
  8706 | D:8      | Found a white marble altar of Elyvilon.
  8853 | D:8      | Found a shimmering blue altar of Sif Muna.
  9188 | D:9      | Identified the +7 war axe of Integrity {freeze, rPois
                  | Will++}
  9199 | D:9      | Noticed a two-headed ogre
  9205 | D:9      | Killed a two-headed ogre
  9438 | D:9      | Noticed a kobold demonologist
  9454 | D:9      | Killed a kobold demonologist
  9624 | D:9      | Identified the +8 short sword of Yeast {drain, rPois rC+}
 10216 | D:9      | Found Feus's Jewellery Shop.
 10474 | D:10     | Entered Level 10 of the Dungeon
 10490 | D:10     | Reached skill level 1 in Armour
 10580 | D:10     | Reached XP level 11. HP: 82/95 MP: 6/11
 10709 | D:10     | Identified the ring of Beocw {rPois rF+ Str+3 Slay+3}
 11212 | D:10     | Found a runed translucent door.
 11213 | D:10     | Noticed BjarkeEik's ghost (novice HOFi)
 11342 | D:10     | Found a staircase to the Lair.
 11582 | Lair:1   | Entered Level 1 of the Lair of Beasts
 11986 | Lair:1   | Noticed Joseph
 11996 | Lair:1   | Killed Joseph
 13433 | D:11     | Noticed a skeletal warrior
 13433 | D:11     | Noticed a skeletal warrior
 13433 | D:11     | Noticed a skeletal warrior
 13448 | D:10     | Slain by a skeletal warrior

Illustrated notes

Levels and vault maps discovered:
D:1:      lightli_arrival_chessboard, layout_basic
D:2:      layout_loops_corners, hellmonk_ecumenical_altar_arch_garden,
          serial_shops, shop
D:3:      layout_basic, grunt_temple_overflow_order_and_chaos_2,
          lightli_sewer_entry_pipes
D:4:      layout_basic, overflow_temple_1_default, glass_columns_b,
          serial_bayou_pond_d, uniq_grinder
D:5:      layout_loops_corners, mainiacjoe_overflow_six_doors_small,
          serial_shops, kennysheep_little_box, nicolae_ossuary_entry_catacombs,
          pf_guarded_unrand_meek, uniq_eustachio, uniq_duvessa, uniq_pikel,
          uniq_crazy_yiuf_cottage
D:6:      layout_basic, nicolae_overflow_crystal_walls, temple_hall,
          mrwooster_statue_mirror, columned_hall_lemuel
D:7:      layout_layer_cave
D:8:      layout_gridville, kennysheep_ying_yang, lemuel_tele_altar,
          serial_shops, shop
D:9:      layout_basic, serial_shops, kennysheep_mini_moat,
          minmay_fractal_squares_5
D:10:     layout_rooms, david_lair_shrubbed, gammafunk_ghost_grave,
          minmay_unpleasant_kobolds
D:11:     layout_loops_ring, orc_0_dummy, st_stairs_10,
          hangedman_decor_peaks_small
Temple:   nicolae_temple_bog_church
Lair:1:   wander_river, layout_cave_pods, lemuel_fruit_fields, uniq_joseph

Skill      XL: |  1  2  3  4  5  6  7  8  9 10 11 |
---------------+----------------------------------+-----
Fighting       | 3 4 5 7 10 12 | 12.9
Ranged Weapons | 5 6 7 10 11 12 | 12.3
Dodging        | 2 4 |  4.5
Armour         | 1 4 |  4.8
Stealth        | |  1.2

Action                     |  1- 3 |  4- 6 |  7- 9 | 10-12 || total
---------------------------+-------+-------+-------+-------++-------
  Melee: Quarterstaff      |       |       |   144 |   107 ||   251
         Punch             |       |       |     2 |     2 ||     4
   Fire: Shortbow          |    65 |   162 |   238 |   313 ||   778
Ability: Dig               |       |     1 |     1 |     4 ||     6
         Shaft Self        |       |     1 |       |       ||     1
    Use: Scroll            |       |     7 |     1 |     7 ||    15
         Potion            |       |     3 |     5 |     4 ||    12
   Stab: Invisible         |       |       |     1 |       ||     1
         Sleeping          |       |       |     2 |       ||     2
         Distracted        |       |       |     1 |       ||     1
 Armour: Leather armour    |     2 |    18 |   109 |    66 ||   195
         Scale mail        |       |       |       |    10 ||    10
  Dodge: Dodged            |    14 |    51 |   147 |   218 ||   430

Table legend: (Time is in decaauts)
 A = Elapsed time spent in this place.
 B = Non-inter-level travel time spent in this place.
 C = Inter-level travel time spent in this place.
 D = Time resting spent in this place.
 E = Time spent auto-exploring this place.
 F = Levels seen in this place.
 G = Mean time per level.
                   A        B        C        D        E       F      G
               +--------+--------+--------+--------+--------+-----+--------+
         Total |  13675 |  12571 |   1104 |   1614 |   8483 |  15 |  911.7 |
       Dungeon |  11712 |  10706 |   1006 |   1444 |   7422 |  11 | 1064.7 |
        Temple |    183 |    173 |     10 |      0 |    161 |   1 |  183.0 |
          Lair |    892 |    804 |     88 |    105 |    383 |   1 |  892.0 |
         Sewer |    120 |    120 |      0 |      0 |     91 |   1 |  120.0 |
       Ossuary |    767 |    767 |      0 |     65 |    425 |   1 |  767.0 |
               +--------+--------+--------+--------+--------+-----+--------+

Top non-repeatable levels by time:
     D:5: 2056 daAuts
    D:10: 1808 daAuts
     D:9: 1671 daAuts
     D:7: 1529 daAuts
     D:8: 1128 daAuts
     D:3: 895 daAuts
  Lair:1: 892 daAuts
     D:6: 877 daAuts
     D:1: 833 daAuts
 Ossuary: 767 daAuts
     D:2: 766 daAuts
  Temple: 183 daAuts
     D:4: 140 daAuts
   Sewer: 120 daAuts
    D:11: 4 daAuts
